 Dungeon Crawl Stone Soup version 0.29-a0-676-ga64570c9d2 (webtiles) character file.

Game seed: 5989065750228538776

234 tilp the Cudgeller (level 6, -2/45 (52) HPs)
             Began as a Meteoran Fighter on June 24, 2022.
             Was a Follower of Uskayaw.
             Slain by a wight
             ... wielding a +0 halberd
              (3 damage)
             ... on level 6 of the Dungeon.
             The game lasted 00:06:23 (1177 turns).

tilp the Cudgeller (Meteoran Fighter)               Turns: 1177, Time: 00:06:24

HP:   -2/45 (52)    AC:  8    Str: 19    XL:     6   Next: 51%
MP:   7/7           EV: 10    Int: 11    God:    Uskayaw [*.....]
Gold: 166           SH:  5    Dex: 13    Spells: 5/5 levels left

rFire   . . .      SeeInvis .   a - +0 flail
rCold   . . .      Faith    .   c - +0 buckler
rNeg    . . .      Spirit   .   b - +1 scale mail
rPois   .          Reflect  .   (no helmet)
rElec   .          Harm     .   (no cloak)
rCorr   .          Rampage  .   (no gloves)
Will    .....                   (no boots)
Stlth   ..........              (no amulet)
HPRegen 0.15/turn               (no ring)
MPRegen 0.10/turn               (no ring)

@: mighty, glowing, heavily drained
A: sense surroundings 1, otherworldly, glowing, explore regen
a: Renounce Religion, Stomp


You were on level 6 of the Dungeon.
You worshipped Uskayaw.
Uskayaw was noncommittal.
You visited 1 branch of the dungeon, and saw 6 of its levels.

You collected 166 gold pieces.

Inventory:

Hand Weapons
 a - a +0 flail (weapon)
Missiles
 h - 23 stones (quivered)
Armour
 b - a +1 scale mail (worn)
 c - a +0 buckler (worn)
Jewellery
 j - a ring of wizardry
Wands
 d - a wand of flame (18)
Scrolls
 k - a scroll of teleportation
 o - a scroll of identify
Potions
 e - a potion of heal wounds
 g - a potion of curing {unknown}
 i - a potion of cancellation {unknown}
 l - 2 potions of mutation {unknown}
 m - a potion of berserk rage {unknown}
 n - a potion of degeneration {unknown}


   Skills:
 - Level 4.0 Fighting
 * Level 5.7 Maces & Flails
 - Level 4.0 Armour
 - Level 2.0 Dodging
 + Level 1.9 Stealth
 - Level 4.0 Shields


You had 5 spell levels left.
You didn't know any spells.
Your spell library was empty.

Dungeon Overview and Level Annotations

Branches:
Dungeon (6/15) Zot: 2369
 Temple: D:4-7

Altars:
Uskayaw


Innate Abilities, Weirdness & Mutations

You passively map a small area around you.
You are easily found by Zot.
You glow in the dark.
You regain HP and MP as you explore.


Message History

You feel drained.
* * * LOW HITPOINT WARNING * * *
You feel much better. The hound closely misses you.
The wight hits you but does no damage.
Unknown command.
You closely miss the hound.
The hound is heavily wounded.
The hound bites you but does no damage. x2
The wight hits you from afar with a +0 halberd.
You hit the hound but do no damage.
The hound is heavily wounded.
The hound bites you.
The wight hits you from afar with a +0 halberd!
You closely miss the hound.
The hound is heavily wounded.
The hound bites you. The hound completely misses you.
The wight completely misses you.
You feel very mighty all of a sudden. The hound bites you but does no damage.
You block the wight's attack. You block the hound's attack.
Unknown command.
You sock the hound!
You kill the hound!
The wight hits you from afar with a +0 halberd.
You feel drained.
You can now stomp with the beat.
A wight comes into view. It is wielding a +0 falchion.
The wight barely misses you.
You see here a hound corpse.
You closely miss the wight.
A wight comes into view.
It is wielding a +4 battleaxe of freezing.
The wight misses you.
You barely miss the wight. The wight hits you with a +0 halberd!
* * * LOW HITPOINT WARNING * * *
You feel drained.
* * * LOW HITPOINT WARNING * * *
The wight hits you with a +0 halberd!
* * * LOW HITPOINT WARNING * * *
You feel drained.
You die...

......... , *
....... , , *
* ......, * *
* , *,#....$
,, * #....#* *
# ^ . .z# ,..
, ,*#>#z#
#.#.# *
#.#z####.....#
* , #...@....#
** ,
###.###### ,
#.# , * #.####
* * * #.#.. ,
* #.#.# * *
*#.#.## ,
#....## , ,
#....[# *


You could see 3 wights.

Vanquished Creatures
  2 hounds
  Jessica (D:2)
  Natasha (D:2)
  An orc wizard (D:5)
  4 gnolls (D:4)
  An adder (D:4)
  An ufetubus (D:4)
  A worm (D:2)
  9 orcs (D:4)
  4 endoplasms
  A giant cockroach (D:2)
  A hobgoblin (D:4)
  4 jackals (D:2)
  A kobold (D:3)
  2 ball pythons
  A bat (D:1)
  3 frilled lizards
  A rat (D:3)
39 creatures vanquished.

Notes
Turn   | Place    | Note
-------+----------+-------------------------------------------
     0 | D:1      | tilp the Meteoran Fighter began the quest for the Orb.
     0 | D:1      | Reached XP level 1. HP: 19/19 MP: 2/2
   111 | D:2      | Reached XP level 2. HP: 26/26 MP: 3/3
   126 | D:2      | Reached skill level 3 in Maces & Flails
   247 | D:2      | Noticed Natasha
   247 | D:2      | You fall into a shaft and drop 2 floors!
   305 | D:4      | Reached XP level 3. HP: 20/31 MP: 4/4
   308 | D:4      | Reached skill level 1 in Dodging
   326 | D:5      | Entered Level 5 of the Dungeon
   344 | D:4      | Reached XP level 4. HP: 22/38 MP: 5/5
   504 | D:2      | Noticed Jessica
   526 | D:2      | Killed Natasha
   534 | D:2      | Killed Jessica
   535 | D:2      | Reached skill level 4 in Maces & Flails
   535 | D:2      | Reached skill level 1 in Stealth
   535 | D:2      | Reached XP level 5. HP: 8/46 MP: 6/6
   989 | D:5      | Reached skill level 5 in Maces & Flails
   989 | D:5      | Reached XP level 6. HP: 50/52 MP: 7/7
  1080 | D:6      | Found a hide-covered altar of Uskayaw.
  1088 | D:6      | Became a worshipper of Uskayaw the Reveller
  1174 | D:6      | Reached * piety under Uskayaw
  1177 | D:6      | HP: 1/47 [wight/+0 halberd (8)]
  1177 | D:6      | Slain by a wight

Illustrated notes

Levels and vault maps discovered:
D:1:      erik_arrival_triangle_medium, layout_basic, serial_shops,
          nicolae_shop_advertising_works [nicolae_subvault_shop_adworks],
          ebering_ecumenical_altar_rust
D:2:      layout_loops_ring, uniq_jessica, uniq_natasha
D:3:      layout_loops_cross, minmay_misc_feat_encased
D:4:      layout_basic, ebering_ghost_reflecting_pool
D:5:      layout_basic, nicolae_tso_swordbearing_angel, temple_green,
          abandoned_shop
D:6:      layout_loops_ring, nicolae_uskayaw_dance_hall, uniq_crazy_yiuf_cottage

Skill      XL: |  1  2  3  4  5 |
---------------+----------------+-----
Maces & Flails | 3 4 5 |  5.7
Dodging        | 1 2 |  2.0
Armour         | 4 |  4.0
Shields        | 4 |  4.0
Stealth        | 1 |  1.9
Fighting       | 4 |  4.0

Action                   |  1- 3 |  4- 6 || total
-------------------------+-------+-------++-------
Melee: Flail             |    66 |    82 ||   148
Throw: Stone             |       |     1 ||     1
  Use: Potion            |     1 |     4 ||     5
       Scroll            |       |     6 ||     6
Armor: Scale mail        |    30 |    41 ||    71
       Skin              |       |    23 ||    23
Dodge: Dodged            |    22 |    46 ||    68
Block: Buckler           |    16 |    38 ||    54

Table legend: (Time is in decaauts)
 A = Elapsed time spent in this place.
 B = Non-inter-level travel time spent in this place.
 C = Inter-level travel time spent in this place.
 D = Time resting spent in this place.
 E = Time spent auto-exploring this place.
 F = Levels seen in this place.
 G = Mean time per level.
                   A        B        C        D        E       F      G
               +--------+--------+--------+--------+--------+-----+--------+
         Total |   1229 |   1208 |     21 |    102 |     27 |   6 |  204.8 |
       Dungeon |   1229 |   1208 |     21 |    102 |     27 |   6 |  204.8 |
               +--------+--------+--------+--------+--------+-----+--------+

Top non-repeatable levels by time:
     D:3: 378 daAuts
     D:2: 284 daAuts
     D:4: 251 daAuts
     D:1: 111 daAuts
     D:6: 107 daAuts
     D:5: 96 daAuts
